 Dungeon Crawl Stone Soup version 0.27.1-33-g824d729ab1 (webtiles) character file.

Game seed: 9469299879676285780

107 MisterFreud the Chopper (level 4, -4/39 HPs)
             Began as a Hill Orc Abyssal Knight on Dec 15, 2021.
             Was a Believer of Lugonu.
             Slain by an iguana (11 damage)
             ... on level 4 of the Dungeon.
             The game lasted 00:03:41 (3470 turns).

MisterFreud the Chopper (Hill Orc Abyssal Knight)   Turns: 3470, Time: 00:03:42

Health: -4/39      AC: 12    Str: 15    XL:     4   Next: 86%
Magic:  5/5        EV:  6    Int: 12    God:    Lugonu [**....]
Gold:   115        SH:  4    Dex: 16    Spells: 3/3 levels left

rFire    . . .     SeeInvis .   a - +1 hand axe
rCold    . . .     Faith    .   h - +0 buckler
rNeg     . . .     Spirit   .   p - +0 chain mail
rPois    .         Reflect  .   (no helmet)
rElec    .         Harm     .   (no cloak)
rCorr    .         Rampage  .   (no gloves)
Will     .....                  (no boots)
Stlth    ..........             (no amulet)
HPRegen  0.13/turn              m - +4 ring of protection
MPRegen  0.09/turn              g - +6 ring of dexterity

@: no status effects
A: no striking features
a: Renounce Religion, Depart the Abyss, Bend Space


You were on level 4 of the Dungeon.
You worshipped Lugonu.
Lugonu was pleased with you.
You visited 1 branch of the dungeon, and saw 5 of its levels.
You visited the Abyss 1 time.

You collected 115 gold pieces.

Inventory:

Hand Weapons
 a - a +1 hand axe (weapon)
Missiles
 i - 26 poisoned darts (quivered)
Armour
 b - a +1 leather armour
 h - a +0 buckler (worn)
 p - a +0 chain mail (worn)
Jewellery
 e - a +6 ring of intelligence
 g - a +6 ring of dexterity (right hand)
 m - a +4 ring of protection (left hand)
Scrolls
 c - 3 scrolls of enchant armour
 f - 2 scrolls of identify {unknown}
 k - a scroll of vulnerability {unknown}
 n - a scroll of blinking {unknown}
Potions
 d - 3 potions of curing
 j - a potion of magic {unknown}
 l - a potion of attraction {unknown}
 o - a potion of resistance {unknown}


   Skills:
 - Level 3.6 Fighting
 * Level 5.7 Axes
 + Level 2.3 Armour
 - Level 0.7 Dodging
 + Level 1.9 Shields
 - Level 2.4 Invocations


You had 3 spell levels left.
You didn't know any spells.
Your spell library was empty.

Dungeon Overview and Level Annotations

Branches:
Dungeon (5/15)             Temple (0/1) D:4

Altars:

Annotations:
D:3 Sigmund


Message History

Lugonu accepts your kill.
You see here a +0 short sword.
Found 10 gold pieces.
An iguana and a jelly come into view.
Found a scroll labelled XEN YDDUSEUGIE and a club.
The jelly quivers.
There are monsters nearby!
There are monsters nearby!
You hit the jelly. The acid corrodes you!
Your hands burn!
The jelly is lightly wounded.
You block the jelly's attack.
You hit the jelly but do no damage.
Your hands burn!
The jelly is lightly wounded.
The jelly hits you.
You are splashed with acid!
You hit the jelly but do no damage. The acid corrodes you!
Your hands burn!
The jelly is lightly wounded.
The jelly hits you but does no damage.
You hit the jelly but do no damage.
Your hands burn!
The jelly is lightly wounded.
You hit the iguana but do no damage.
The iguana bites you but does no damage.
The jelly barely misses you. The iguana bites you.
* * * LOW HITPOINT WARNING * * *
The iguana hisses menacingly.
You are no longer corroded.
The iguana bites you but does no damage.
There is a stone staircase leading up here.
The iguana bites you but does no damage.
You climb upwards.
There is a stone staircase leading down here.
You hit the iguana but do no damage. The iguana barely misses you.
You hit the iguana.
The iguana is moderately wounded.
The iguana bites you!
* * * LOW HITPOINT WARNING * * *
Your chain mail prevents you from hitting the iguana.
The iguana is lightly wounded.
The iguana bites you!
You die...

..####.[..........#.#
..#..#.##########.#)#######
..#..#.##### #.#.......#
#.#........# ####.#######.#
############ #.........)#.#
..#...#...# #.##.#.....#.#######
⌠...⌠.#.⌠.# #.##.#.###..........
..#...#...####.#l.#.# #.#.#......
####.###.##....#@.#.# #.#.......<
..#...#...#....#..#.# #.#.#......
>...⌠...⌠...##.#..#.# #.###......
..#...#...#.......#.# #......###.
.###.#########.####.# ######## #.
..#...#...# #......# #.
⌠.#.⌠...⌠.# ############### #.
..#...#.).#####.#..........#####.
###########.....#.########.##..#.


You could see an iguana.

Vanquished Creatures
  A scorpion zombie (D:5)
  An adder (D:2)
  An ufetubus (D:5)
  A worm (D:3)
  2 dart slugs
  3 orcs
  2 ball pythons
  2 bats
  2 endoplasms
  4 giant cockroaches
  6 goblins
  5 hobgoblins
  6 jackals
  4 kobolds
  3 quokkas (D:1)
  3 frilled lizards
  5 rats
51 creatures vanquished.

Vanquished Creatures (others)
  5 toadstools (D:1)
5 creatures vanquished.

Grand Total: 56 creatures vanquished

Notes
Turn   | Place    | Note
-------+----------+-------------------------------------------
     0 | Abyss:1  | MisterFreud the Hill Orc Abyssal Knight began the quest for
                  | the Orb.
     0 | Abyss:1  | Reached XP level 1. HP: 19/19 MP: 2/2
   170 | Abyss:1  | Noticed a ynoxinul
   177 | Abyss:1  | Noticed a neqoxec
   178 | D:1      | Escaped the Abyss
   202 | D:1      | Reached skill level 3 in Axes
   237 | D:1      | Reached XP level 2. HP: 11/26 MP: 3/3
   497 | D:1      | Reached skill level 4 in Axes
   838 | D:1      | Found a faded altar of an unknown god.
   863 | D:1      | Reached XP level 3. HP: 9/31 MP: 4/4
  1341 | D:2      | Reached ** piety under Lugonu
  1515 | D:2      | Reached skill level 5 in Axes
  2011 | D:2      | Reached skill level 1 in Shields
  2096 | D:3      | Noticed Sigmund
  2171 | D:3      | Reached XP level 4. HP: 34/39 MP: 5/5
  3004 | D:4      | Found a staircase to the Ecumenical Temple.
  3264 | D:5      | Entered Level 5 of the Dungeon
  3470 | D:4      | Slain by an iguana

Illustrated notes

Levels and vault maps discovered:
D:1:      ldierk_walled_garden, layout_rooms, hellmonk_ecumenical_altar_blasted
D:2:      layout_loops_ring, grunt_decor_fettered
D:3:      layout_rooms, vehumet_crystals, minmay_misc_feat_secret_circle,
          minmay_pentangle, uniq_sigmund
D:4:      layout_basic, minmay_temple_entry_nine_rooms, minmay_crystal_water
D:5:      layout_basic, uniq_menkaure

Skill      XL: |  1  2  3 |
---------------+----------+-----
Axes           | 3 4 5 |  5.7
Shields        | 1 |  1.9
Fighting       | |  3.6
Armour         | |  2.3
Dodging        | |  0.7
Invocations    | |  2.4

Action                   |  1- 3 |  4- 6 || total
-------------------------+-------+-------++-------
Melee: Hand axe          |   102 |    67 ||   169
Throw: Dart              |     5 |     3 ||     8
  Use: Scroll            |     1 |       ||     1
       Potion            |     1 |       ||     1
 Stab: Sleeping          |     2 |       ||     2
Armor: Leather armour    |    29 |    23 ||    52
       Chain mail        |       |    12 ||    12
Dodge: Dodged            |    65 |    40 ||   105
Block: Buckler           |     2 |    20 ||    22
